 Dungeon Crawl Stone Soup version 0.19.1 (webtiles) character file.

8019 Kit the Fighter (level 11, -1/99 HPs)
             Began as a Minotaur Fighter on Dec 8, 2016.
             Was a High Priest of Okawaru.
             Shot with an arrow by a centaur warrior (2 damage)
             ... on level 11 of the Dungeon.
             The game lasted 00:28:44 (8360 turns).

Kit the Fighter (Minotaur Fighter)                  Turns: 8360, Time: 00:28:44

Health: -1/99      AC: 11    Str: 23    XL:     11   Next: 4%
Magic:  10/10      EV: 13    Int:  5    God:    Okawaru [*****.]
Gold:   582        SH: 12    Dex: 11    Spells: 0 memorised, 10 levels left

rFire  . . .     SeeInvis .     a - +1 war axe
rCold  . . .     Gourm    .     b - +0 scale mail
rNeg   . . .     Faith    .     c - +0 shield
rPois  .         Spirit   .     H - +1 hat
rElec  .         Reflect  .     (no cloak)
rCorr  .         Harm     .     n - +0 pair of gloves
MR     +....                    (no boots)
Stlth  ..........               y - amulet of regeneration
                                u - ring of protection from magic
                                K - ring of flight

@: very slightly contaminated, hasted, very quick
A: retaliatory headbutt, horns 2
a: Heroism, Finesse, Renounce Religion, Evoke Flight


You were on level 11 of the Dungeon.
You worshipped Okawaru.
Okawaru was extremely pleased with you.
You were hungry.

You visited 2 branches of the dungeon, and saw 12 of its levels.
You also visited: Sewer.

You collected 582 gold pieces.

Inventory:

Hand Weapons
 a - a +1 war axe (weapon)
Armour
 b - a +0 scale mail (worn)
 c - a +0 shield (worn)
 n - a +0 pair of gloves (worn)
 H - a +1 hat (worn)
Jewellery
 m - an uncursed ring of ice
 u - a ring of protection from magic (right hand)
 y - an amulet of regeneration (around neck)
 K - a ring of flight (left hand)
Wands
 q - a wand of teleportation (0/9)
 D - a wand of flame (24/48)
 E - a wand of disintegration (14/24)
 F - a wand of disintegration (18/24)
 J - a wand of flame (25/48)
 N - a wand of disintegration (17/24)
Scrolls
 h - a scroll of magic mapping
 k - 3 scrolls of amnesia
 l - 6 scrolls of remove curse
 A - a scroll of enchant weapon
 C - 2 scrolls of identify
Potions
 d - 2 potions of might
 e - 2 potions of cancellation
 g - a potion of haste
 o - 2 potions of flight {unknown}
 p - a potion of resistance {unknown}
 r - 2 potions of lignification {unknown}
 s - a potion of curing
 w - 2 potions of cure mutation
 x - a potion of magic {unknown}
 B - a potion of invisibility {unknown}
 G - 2 potions of degeneration {unknown}
 L - a potion of beneficial mutation {unknown}
Comestibles
 f - 7 bread rations
 i - 4 chunks of flesh
 j - 4 beef jerkies
 t - 4 meat rations
 z - 5 royal jellies
 I - 7 slices of pizza


   Skills:
 + Level 9.9 Fighting
 + Level 9.7 Axes
 + Level 9.8 Armour
 + Level 8.3 Dodging
 + Level 9.6 Shields


You had 10 spell levels left.
You didn't know any spells.

Dungeon Overview and Level Annotations

Branches:
Dungeon (11/15)            Temple (1/1) D:6            Lair (0/6) D:8
    Orc: D:9-12

Altars:
Ashenzari
Cheibriados
Dithmenos
Elyvilon
Fedhas
Gozag
Hepliaklqana
Kikubaaqudgha
Makhleb
Nemelex Xobeh
Okawaru
Qazlal
Ru
Sif Muna
Trog
Uskayaw
Vehumet
Xom
Yredelemnul
Zin
The Shining One

Shops:
D:8 [


Innate Abilities, Weirdness & Mutations

You reflexively headbutt those who attack you in melee.
You have a pair of horns on your head.


Message History

Something hits you but does no damage. Something hits you.
* * * LOW HITPOINT WARNING * * *
A centaur warrior comes into view.
The centaur warrior shouts!
You block something's attack.
The centaur warrior wields a longbow.
The centaur warrior shoots an arrow.
The arrow closely misses you. Something hits you.
* * * LOW HITPOINT WARNING * * *
You see here an arrow.
Something hits you but does no damage.
The centaur warrior shoots an arrow.
The arrow hits you!
* * * LOW HITPOINT WARNING * * *
You see here an arrow.
Okay, then.
Okay, then.
Something hits you!
* * * LOW HITPOINT WARNING * * *
The centaur warrior shoots an arrow.
The arrow hits you.
You die...

#.....# #.......#......8 #
###...# #.......# ... #
#...# #####...# #'#######
#...# #...# #(u......
#...#### #...# #........
#......# #...# #........
##.....#####(.(#####...#####
#.........#(..c.......#
#.....###.@..)........#
#.....# ###...........#
#.....# #############
#.....# #.....# #.....#
#.....#


You could see a centaur warrior.

Vanquished Creatures
  A death yak (D:7)
  An unseen horror (D:10)
  A hill giant (D:10)
  A manticore (D:11)
  A two-headed ogre (D:9)
  A hippogriff (D:3)
  3 yaks
  A human (D:7)
  A hungry ghost (D:10)
  3 hogs (D:7)
  Grum (D:9)
  2 sky beasts
  4 black bears
  4 orc warriors
  2 phantoms
  2 wolves (D:9)
  An ogre (D:4)
  3 crocodiles
  6 centaurs
  A big kobold (D:8)
  Blork the orc (D:4)
  2 bullfrogs
  A wyvern skeleton (D:6)
  2 scorpions
  6 killer bees
  4 wights (D:7)
  5 howler monkeys
  5 crimson imps
  A centaur zombie (D:7)
  A jelly (D:9)
  6 orc priests
  4 hounds
  8 orc wizards
  A gnoll shaman (D:5)
  Ijyb (D:2)
  2 iguanas
  6 worker ants
  2 hound zombies
  2 hound skeletons (D:9)
  A worker ant zombie (D:11)
  10 gnolls
  17 adders
  2 shadow imps
  3 adder zombies
  An adder skeleton (D:3)
  6 worms
  2 dart slugs
  8 leopard geckos
  19 orcs
  7 ball pythons
  7 bats
  14 giant cockroaches
  10 goblins
  2 hobgoblins
  8 jackals
  5 quokkas
  9 frilled lizards
  13 kobolds
  A leopard gecko skeleton (D:7)
  A quokka skeleton (D:7)
  5 rats
251 creatures vanquished.

Notes
Turn   | Place    | Note
-------+----------+-------------------------------------------
     0 | D:1      | Kit the Minotaur Fighter began the quest for the Orb.
     0 | D:1      | Reached XP level 1. HP: 19/19 MP: 0/0
   286 | D:1      | Reached XP level 2. HP: 27/27 MP: 1/1
   421 | D:2      | Reached skill level 1 in Dodging
   424 | D:2      | Noticed Ijyb
   433 | D:2      | Killed Ijyb
   433 | D:2      | Reached XP level 3. HP: 31/33 MP: 2/2
   727 | D:2      | Reached XP level 4. HP: 39/40 MP: 3/3
  1232 | D:3      | Reached XP level 5. HP: 46/46 MP: 4/4
  1516 | D:3      | Noticed a hippogriff
  1827 | D:3      | Killed a hippogriff
  1827 | D:3      | Reached skill level 5 in Armour
  1827 | D:3      | Reached XP level 6. HP: 28/55 MP: 5/5
  2439 | D:3      | Found a shimmering altar of Xom.
  2441 | D:3      | Found a glowing golden altar of the Shining One.
  2441 | D:3      | Found a hazy altar of Hepliaklqana.
  2582 | D:4      | Found a sparkling altar of Nemelex Xobeh.
  2587 | D:4      | Reached skill level 5 in Shields
  2666 | D:4      | Reached skill level 5 in Fighting
  2696 | D:4      | Noticed Blork the orc
  2707 | D:4      | Killed Blork the orc
  2707 | D:4      | Reached XP level 7. HP: 60/61 MP: 6/6
  2719 | D:4      | Found an ancient bone altar of Kikubaaqudgha.
  2820 | D:5      | Entered Level 5 of the Dungeon
  2839 | D:5      | Reached skill level 5 in Axes
  3601 | D:6      | Reached XP level 8. HP: 66/70 MP: 7/7
  3624 | D:6      | Found a glowing drain.
  3646 | Sewer    | Entered a sewer
  4030 | D:6      | Found a white marble altar of Elyvilon.
  4061 | D:6      | Got a creamy pearl robe
  4072 | D:6      | Identified the +2 robe of the Wary Blessings {Int+3} (You found it on level 6 of the Dungeon)
  4113 | D:6      | Found a staircase to the Ecumenical Temple.
  4535 | Temple   | Entered the Ecumenical Temple
  4779 | Temple   | Became a worshipper of Warmaster Okawaru
  4862 | D:7      | Reached skill level 5 in Dodging
  5077 | D:7      | Reached XP level 9. HP: 45/79 MP: 8/8
  5365 | D:7      | Reached * piety under Okawaru
  5937 | D:7      | Reached ** piety under Okawaru
  6180 | D:8      | Noticed a death yak
  6284 | D:7      | Killed a death yak
  6356 | D:7      | Reached XP level 10. HP: 85/90 MP: 9/9
  6366 | D:8      | Reached *** piety under Okawaru
  6417 | D:8      | Found a staircase to the Lair.
  6534 | D:8      | Found a deep blue altar of Sif Muna.
  6651 | D:8      | Found Huodwuz's Armour Boutique.
  6960 | D:9      | Noticed Grum
  7032 | D:9      | Killed Grum
  7091 | D:9      | Found a blossoming altar of Fedhas.
  7321 | D:9      | Reached **** piety under Okawaru
  7487 | D:10     | Entered Level 10 of the Dungeon
  7501 | D:10     | Killed an unseen horror
  7607 | D:10     | Noticed a hill giant
  7615 | D:10     | Killed a hill giant
  8045 | D:11     | Noticed a cyan ugly thing
  8164 | D:11     | Noticed a manticore
  8177 | D:11     | Killed a manticore
  8177 | D:11     | Reached ***** piety under Okawaru
  8177 | D:11     | Reached XP level 11. HP: 71/99 MP: 10/10
  8305 | D:11     | Noticed a purple ugly thing
  8357 | D:11     | Noticed a centaur warrior
  8360 | D:11     | HP: 1/99 [something (7)]
  8360 | D:11     | Shot with an arrow by a centaur warrior

Skill      XL: |  1  2  3  4  5  6  7  8  9 10 |
---------------+-------------------------------+-----
Dodging        | 1 2 3 4 5 6 8 |  8.3
Fighting       | 4 5 6 7 8 9 |  9.9
Axes           | 3 4 5 7 8 9 |  9.7
Armour         | 4 5 6 7 8 9 |  9.8
Shields        | 4 5 7 8 9 |  9.6

Action                   |  1- 3 |  4- 6 |  7- 9 | 10-12 || total
-------------------------+-------+-------+-------+-------++-------
Melee: War axe           |    50 |   159 |   370 |   238 ||   817
       Headbutt          |     8 |    27 |    72 |    52 ||   159
Invok: Heroism           |       |       |       |     3 ||     3
Evoke: Wand              |       |     1 |     1 |     1 ||     3
  Use: Scroll            |       |       |    11 |     2 ||    13
       Potion            |       |       |     1 |    11 ||    12
  Eat: Chunk             |       |     6 |    10 |     9 ||    25
       Beef jerky        |       |       |     1 |       ||     1
Armor: Scale mail        |    22 |    89 |   125 |   102 ||   338
Dodge: Dodged            |    25 |    64 |   156 |   111 ||   356
Block: Shield            |    30 |    97 |   223 |   150 ||   500
